 Dungeon Crawl Stone Soup version 0.27.1-15-g792fb953b9 (webtiles) character file.

Game seed: 3483484593469994630

1644 pkoi the Carver (level 8, -3/71 HPs)
             Began as a Minotaur Gladiator on Nov 19, 2021.
             Slain by a two-headed ogre (7 damage)
             ... on level 6 of the Dungeon.
             The game lasted 00:06:25 (6512 turns).

pkoi the Carver (Minotaur Gladiator)                Turns: 6512, Time: 00:06:26

Health: -3/71      AC: 11    Str: 22    XL:     8   Next: 67%
Magic:  7/7        EV:  9    Int:  5    God:
Gold:   265        SH:  0    Dex: 11    Spells: 7/7 levels left

rFire    . . .     SeeInvis +   i - +0 great sword (drain)
rCold    . . .     Faith    .   (shield currently unavailable)
rNeg     . . .     Spirit   .   h - +0 chain mail
rPois    .         Reflect  .   c - +1 hat
rElec    .         Harm     .   (no cloak)
rCorr    +         Rampage  .   (no gloves)
Will     .....                  (no boots)
Stlth    ..........             (no amulet)
HPRegen  0.21/turn              p - ring of see invisible
MPRegen  0.10/turn              n - ring of resist corrosion

@: no status effects
A: horns 2, retaliatory headbutt
a: no special abilities


You were on level 6 of the Dungeon.
You visited 1 branch of the dungeon, and saw 6 of its levels.

You collected 265 gold pieces.

Inventory:

Hand Weapons
 a - a +0 long sword
 i - a +0 great sword of draining (weapon)
 r - a +2 rapier of venom
Missiles
 d - 3 throwing nets (quivered)
 m - 20 poisoned darts
Armour
 b - a +0 leather armour
 c - a +1 hat (worn)
 h - a +0 chain mail (worn)
Jewellery
 n - a ring of resist corrosion (right hand)
 p - a ring of see invisible (left hand)
Scrolls
 e - 6 scrolls of identify
 g - a scroll of fear
 j - a scroll of enchant armour
 k - a scroll of teleportation
 l - a scroll of magic mapping
Potions
 f - 2 potions of curing
 o - 2 potions of lignification {unknown}
 q - a potion of flight {unknown}


   Skills:
 + Level 6.3 Fighting
 * Level 9.1 Long Blades
 + Level 5.3 Throwing
 + Level 5.6 Armour
 - Level 3.2 Dodging


You had 7 spell levels left.
You didn't know any spells.
Your spell library was empty.

Dungeon Overview and Level Annotations

Branches:
Dungeon (6/15)
 Temple: D:4-7

Altars:


Innate Abilities, Weirdness & Mutations

You have a pair of horns on your head.
You reflexively headbutt those who attack you in melee.


Message History

You open the door.
A hound comes into view.
The hound barks!
The hound stops to sniff the ground.
Found 13 gold pieces.
A hound is nearby!
A hound is nearby!
The hound misses you.
You riposte.
You closely miss the hound.
There is an open door here.
You miss the hound. You headbutt the hound!
The hound is severely wounded.
The hound bites you but does no damage. x2
You hit the hound. You drain the hound.
You kill the hound!
Found a book of Callings.
The two-headed ogre hits you with a +0 giant club!
The two-headed ogre misses you.
You see here a hound corpse.
You slash the two-headed ogre! You headbutt the two-headed ogre.
The two-headed ogre is lightly wounded.
The two-headed ogre barely misses you.
The two-headed ogre hits you with a +0 giant spiked club!!
You are too injured to fight recklessly!
You are too injured to fight recklessly!
You are too injured to fight recklessly!
You are too injured to fight recklessly!
You are too injured to fight recklessly!
You are too injured to fight recklessly!
You are too injured to fight recklessly!
You slash the two-headed ogre! You drain the two-headed ogre.
The two-headed ogre is heavily wounded.
The two-headed ogre hits you with a +0 giant club!!
* * * LOW HITPOINT WARNING * * *
The two-headed ogre hits you with a +0 giant spiked club!
* * * LOW HITPOINT WARNING * * *
You slice the two-headed ogre!!
Your headbutt misses the two-headed ogre.
The two-headed ogre is almost dead.
The two-headed ogre hits you with a +0 giant club!
You die...

*,,,,,,,,,,,,,,,,,,,*,,,
*,,,,,,,,,,,,,,,,,,,*,,,
********,,,,,,,,,,,,+,,, ***
*,,,,,,*,,,,,,,,,,,,*,,, ,,*
*,,,,,,*,,,,,********,,, ,,*
*,,,,,,*####*#*,,,,,,,,,
,,********,,,,,##..',.#*,,,,,,,,,
,,,,,,,,,,,,,,,#$O#*#.,*,,,,,,*+*
,,,,,,,,,,######@8#[#8,*,,,,,,*,,
,,,,,,,,,,#...##'##!#*+**,,,,,*,,
,,,,,,,,,,#...'...#:#,,8*,,,,,*,,
,,,,,,,,,,#.[.#8..#,+,,,*,,,,,*,,
,,*****#**#...##+##:#*+**,,,,,*,,
,,*,,,...##....#,8#$#8,**,,,,,+,,
,,*,,,.........#,,*##.,**,,,,,***
,,*,,,.........##,,+..#**,,,,,*,,
,,*,,,..........#######.#,,..,*,,


You could see a two-headed ogre (drained).

Vanquished Creatures
  A hornet (D:6)
  Eustachio (D:6)
  A water moccasin (D:6)
  An ice beast (D:6)
  An ogre (D:6)
  A phantom (D:6)
  3 scorpions
  5 wights (D:3)
  5 hounds
  2 jellies
  An orc priest (D:3)
  4 orc wizards
  3 gnolls (D:5)
  8 adders
  An ufetubus (D:6)
  A worm (D:2)
  A dart slug (D:1)
  21 orcs
  13 ball pythons
  8 endoplasms
  2 giant cockroaches
  6 goblins
  7 hobgoblins
  4 jackals (D:3)
  7 quokkas
  7 bats
  9 frilled lizards
  8 kobolds
  9 rats
141 creatures vanquished.

Notes
Turn   | Place    | Note
-------+----------+-------------------------------------------
     0 | D:1      | pkoi the Minotaur Gladiator began the quest for the Orb.
     0 | D:1      | Reached XP level 1. HP: 18/18 MP: 0/0
   212 | D:1      | Reached XP level 2. HP: 25/25 MP: 1/1
   214 | D:1      | Reached skill level 4 in Long Blades
   338 | D:1      | Reached skill level 1 in Armour
   823 | D:1      | Reached XP level 3. HP: 29/30 MP: 2/2
  1314 | D:2      | Found a faded altar of an unknown god.
  1428 | D:2      | Reached XP level 4. HP: 38/38 MP: 3/3
  2046 | D:3      | Reached skill level 5 in Long Blades
  2459 | D:3      | Reached XP level 5. HP: 45/45 MP: 4/4
  2610 | D:3      | Reached XP level 6. HP: 27/52 MP: 5/5
  2967 | D:3      | Reached skill level 6 in Long Blades
  3886 | D:4      | Reached XP level 7. HP: 23/60 MP: 6/6
  4182 | D:4      | Reached skill level 7 in Long Blades
  4561 | D:5      | Entered Level 5 of the Dungeon
  4856 | D:5      | Reached skill level 5 in Fighting
  5719 | D:6      | Noticed a kobold demonologist
  5733 | D:6      | Reached XP level 8. HP: 38/69 MP: 7/7
  5787 | D:6      | Noticed a kobold demonologist
  5789 | D:6      | Noticed an ice devil
  5793 | D:6      | Noticed a soul eater
  5947 | D:6      | Noticed a hornet
  5950 | D:6      | Killed a hornet
  5951 | D:6      | Reached skill level 8 in Long Blades
  5956 | D:6      | Reached skill level 5 in Armour
  6010 | D:6      | Reached skill level 5 in Throwing
  6236 | D:6      | Noticed Eustachio
  6249 | D:6      | Killed Eustachio
  6250 | D:6      | Reached skill level 9 in Long Blades
  6504 | D:6      | Noticed a two-headed ogre
  6512 | D:6      | Slain by a two-headed ogre

Illustrated notes

Levels and vault maps discovered:
D:1:      dpeg_arrival_orchard, layout_loops_corners
D:2:      kennysheep_big_flooded_room, layout_basic,
          dreamdust_ecumenical_altar_statues
D:3:      layout_basic, hangedman_abyss_or_decor_lesser_grid,
          minmay_strange_pillars, chequers_serial_rivers_micro_d, hex_medium,
          minmay_pentangle
D:4:      layout_cave_pools, serial_glass, glass_columns_c, glass_columns_a,
          minmay_strange_pillars, item_on_display_a, item_on_display_a,
          item_on_display_a, minivault_24, grunt_decor_clamped,
          nrook_mini_backslash, minmay_crossroads
D:5:      layout_loops_corners
D:6:      minmay_chambers_of_sixes, layout_gridville, chequers_garden,
          uniq_eustachio

Skill      XL: |  1  2  3  4  5  6  7  8 |
---------------+-------------------------+-----
Long Blades    | 4 5 6 7 9 |  9.1
Armour         | 1 2 3 4 5 |  5.6
Fighting       | 3 4 5 6 |  6.3
Throwing       | 3 4 5 |  5.3
Dodging        | |  3.2

Action                   |  1- 3 |  4- 6 |  7- 9 || total
-------------------------+-------+-------+-------++-------
Melee: Long sword        |    82 |    75 |       ||   157
       Headbutt          |    13 |    19 |    14 ||    46
       Great sword       |       |    52 |    78 ||   130
  Use: Scroll            |       |     5 |     2 ||     7
       Potion            |       |     1 |       ||     1
Armor: Leather armour    |    26 |     1 |       ||    27
       Chain mail        |       |   101 |    43 ||   144
Dodge: Dodged            |    56 |    64 |    49 ||   169
       Rpst.: Long sword |    15 |     6 |       ||    21
       Great sword       |       |     6 |    14 ||    20
